 Dungeon Crawl Stone Soup version 0.30.0-10-gfe55d96785 (webtiles) character file.

Game seed: 16927737111306216246

93 croobank the Firebug (level 4, -1/32 HPs)
             Began as a Gnoll Fire Elementalist on May 15, 2023.
             Slain by a gnoll
             ... wielding a +0 whip
              (6 damage)
             ... on level 3 of the Dungeon.
             The game lasted 00:07:53 (2653 turns).

croobank the Firebug (Gnoll Fire Elementalist)      Turns: 2653, Time: 00:07:53

Health: -1/32      AC:  2    Str: 13    XL:     4   Next: 61%
Magic:  3/11       EV: 13    Int: 16    God:
Gold:   106        SH:  0    Dex: 13    Spells: 7/13 levels left

rFire   . . .        a - +0 dagger (protect)
rCold   . . .        (no shield)
rNeg    . . .        d - +0 robe
rPois   .            (no helmet)
rElec   .            (no cloak)
rCorr   .            (no gloves)
SInv    .            (no boots)
Will    .....        (no amulet)
Stlth   +++          i - +6 ring of strength
HPRegen 0.25/turn    o - ring of flight
MPRegen 0.12/turn

%: no passive effects
@: flying
A: fangs 1, strong nose, distributed training
a: no special abilities


You were on level 3 of the Dungeon.
You visited 1 branch of the dungeon, and saw 3 of its levels.

You collected 126 gold pieces.
You spent 20 gold pieces at shops.

Inventory:

Hand Weapons
 a - a +0 dagger of protection (weapon)
 e - a +0 sling
 h - a +0 hand axe
 m - a +0 short sword
Missiles
 f - 3 silver javelins
 s - 4 poisoned darts
Armour
 d - a +0 robe (worn)
 g - a +0 leather armour
Magical Staves
 r - a staff of earth
Jewellery
 i - a +6 ring of strength (left hand)
 o - a ring of flight (right hand)
 w - a ring of wizardry
Wands
 y - a wand of roots (3)
Scrolls
 c - a scroll of immolation {unknown}
 j - a scroll of magic mapping {unknown}
 k - 2 scrolls of vulnerability {unknown}
 n - 2 scrolls of fear {unknown}
 q - 2 scrolls of noise {unknown}
 t - a scroll of teleportation {unknown}
 u - 4 scrolls of identify
 v - a scroll of fog {unknown}
 x - a scroll of enchant armour {unknown}
Potions
 b - a potion of magic
 l - a potion of might
 z - a potion of haste {unknown}
 A - a potion of curing {unknown}


   Skills:
 + Level 1.2 Fighting
 + Level 1.2 Short Blades
 + Level 1.2 Long Blades
 + Level 1.2 Axes
 + Level 1.2 Maces & Flails
 + Level 1.2 Polearms
 + Level 1.2 Staves
 + Level 1.2 Ranged Weapons
 + Level 1.2 Throwing
 + Level 1.2 Armour
 + Level 4.7 Dodging
 + Level 4.3 Stealth
 + Level 1.2 Shields
 + Level 1.2 Unarmed Combat
 + Level 5.1 Spellcasting
 + Level 2.3 Conjurations
 + Level 1.0 Hexes
 + Level 1.0 Summonings
 + Level 1.0 Necromancy
 + Level 1.0 Translocations
 + Level 1.0 Transmutations
 + Level 5.5 Fire Magic
 + Level 1.0 Ice Magic
 + Level 1.0 Air Magic
 + Level 1.0 Earth Magic
 + Level 1.0 Poison Magic
 + Level 1.3 Invocations
 + Level 1.2 Evocations


You had 7 spell levels left.
You knew the following spells:

 Your Spells              Type           Power      Damage    Failure   Level
a - Foxfire               Conj/Fire      64%        2x1d7     3%          1
b - Scorch                Fire           42%        2d7       2%          2
c - Inner Flame           Hex/Fire       14%        N/A       12%         3

Your spell library contained the following spells:

 Spells                   Type           Power      Damage    Failure   Level
 Volatile Blastmotes      Fire/Tloc      28%        2d12      12%         3
 Flame Wave               Conj/Fire      16%        2d7       30%         4


Dungeon Overview and Level Annotations

Branches:
Dungeon (3/15)

Altars:
Cheibriados
Dithmenos
Makhleb

Shops:
D:1 ?


Innate Abilities, Weirdness & Mutations

You have very sharp teeth.
Your uncanny sense of smell can sniff out nearby items.
Your experience applies equally to all skills.


Message History

A gnoll comes into view.
It is wielding a +0 spear. 2 gnolls come into view.
The gnoll shouts! x3
The gnoll attacks as you move away! The gnoll hits you with a +0 flail!
The gnoll attacks as you move away! The gnoll hits you with a +0 whip.
The gnoll attacks as you move away! The gnoll misses you.
Okay, then.
Okay, then.
Okay, then.
Okay, then.
Casting: Scorch (safe; 2% risk of failure)
Confirm with . or Enter, or press ? or * to list all spells.
Flames lash the gnoll.
The gnoll is heavily wounded.
The gnoll's fire resistance burns away.
The gnoll closely misses you. The gnoll hits you with a +0 flail!
It was a potion of heal wounds.
You feel much better. The gnoll hits you with a +0 whip.
The gnoll hits you from afar with a +0 spear.
The gnoll closely misses you.
Casting: Scorch (safe; 2% risk of failure)
Confirm with . or Enter, or press ? or * to list all spells.
Flames lash the gnoll.
The gnoll is severely wounded.
The gnoll's fire resistance burns away.
The gnoll hits you with a +0 whip.
The gnoll hits you from afar with a +0 spear.
Casting: Scorch (safe; 2% risk of failure)
Confirm with . or Enter, or press ? or * to list all spells.
Flames lash the gnoll.
The gnoll is burned terribly!
You kill the gnoll!
The gnoll hits you with a +0 whip!
* * * LOW HITPOINT WARNING * * *
The gnoll hits you from afar with a +0 spear.
* * * LOW HITPOINT WARNING * * *
Casting: Scorch (safe; 2% risk of failure)
Confirm with . or Enter, or press ? or * to list all spells.
Flames lash the gnoll.
The gnoll is burned terribly!
You kill the gnoll!
The gnoll hits you with a +0 whip.
You die...

#.# ####.###>##.# #.# ##
#.###.... ...##.# ##'# .
....#.##.##..##.# ##... #.
#.#.#.#.##.....##.###....
#..#.#.#.#.##..#.###.##.....
##.?....#.#.##.....##.#......
..........)...........'......
##...#.##.#)g.........#......
##.......##@##.#.#.####.....
####.#####.##.###.# ##.... #.
#........# ##... #.
####.##### ##'# #### #. #.#
#.# ...# #. ##.## ###.# ##.#
∆ ##.#.########.... #.#######
#.###............ #........
##.#.########....


You could see a gnoll.

Vanquished Creatures
  2 gnolls (D:3)
  3 adders
  2 worms
  7 ball pythons
  5 endoplasms
  6 giant cockroaches
  A goblin (D:1)
  3 hobgoblins
  3 jackals (D:2)
  2 quokkas
  10 bats
  3 kobolds
  2 rats (D:2)
49 creatures vanquished.

Vanquished Creatures (others)
  87 foxfires
87 creatures vanquished.

Grand Total: 136 creatures vanquished

Notes
Turn   | Place    | Note
-------+----------+-------------------------------------------
     0 | D:1      | croobank the Gnoll Fire Elementalist began the quest for
                  | the Orb.
     0 | D:1      | Reached XP level 1. HP: 13/13 MP: 6/6
   545 | D:1      | Reached XP level 2. HP: 19/19 MP: 7/7
   555 | D:1      | Learned a level 2 spell: Scorch
   919 | D:1      | Found Patwaexy's Magic Scroll Boutique.
   922 | D:1      | Bought a scroll of identify for 20 gold pieces
  1162 | D:2      | Found a snail-covered altar of Cheibriados.
  1345 | D:2      | Reached skill level 5 in Spellcasting
  1345 | D:2      | Reached XP level 3. HP: 25/25 MP: 3/9
  1353 | D:2      | Learned a level 3 spell: Inner Flame
  1443 | D:2      | Reached skill level 1 in Invocations
  1683 | D:2      | Reached skill level 1 in Fighting
  1683 | D:2      | Reached skill level 1 in Short Blades
  1683 | D:2      | Reached skill level 1 in Long Blades
  1683 | D:2      | Reached skill level 1 in Axes
  1683 | D:2      | Reached skill level 1 in Maces & Flails
  1683 | D:2      | Reached skill level 1 in Polearms
  1683 | D:2      | Reached skill level 1 in Staves
  1683 | D:2      | Reached skill level 1 in Ranged Weapons
  1683 | D:2      | Reached skill level 1 in Throwing
  1683 | D:2      | Reached skill level 1 in Armour
  1683 | D:2      | Reached skill level 1 in Shields
  1683 | D:2      | Reached skill level 1 in Unarmed Combat
  1683 | D:2      | Reached skill level 1 in Evocations
  2068 | D:3      | Reached XP level 4. HP: 32/32 MP: 6/11
  2173 | D:3      | Found a shadowy altar of Dithmenos.
  2200 | D:3      | Found a burning altar of Makhleb.
  2200 | D:3      | Noticed a green death
  2529 | D:3      | Found a faded altar of an unknown god.
  2590 | D:3      | Reached skill level 1 in Hexes
  2590 | D:3      | Reached skill level 1 in Summonings
  2590 | D:3      | Reached skill level 1 in Necromancy
  2590 | D:3      | Reached skill level 1 in Translocations
  2590 | D:3      | Reached skill level 1 in Transmutations
  2590 | D:3      | Reached skill level 1 in Ice Magic
  2590 | D:3      | Reached skill level 1 in Air Magic
  2590 | D:3      | Reached skill level 1 in Earth Magic
  2590 | D:3      | Reached skill level 1 in Poison Magic
  2653 | D:3      | Slain by a gnoll

Illustrated notes

Levels and vault maps discovered:
D:1:      psy_arrival_radial02, layout_basic, serial_shops,
          nicolae_shop_behind_doors
D:2:      layout_basic, serial_curves, eino_curves_03, eino_curves_01,
          basic_altar, minmay_worlds_worst_comb
D:3:      layout_loops_corners, mainiacjoe_overflow_paths,
          makhleb_altar_promises_db, basic_ecumenical_altar, minivault_26

Skill      XL: |  1  2  3  4 |
---------------+-------------+-----
Conjurations   | 2 |  2.3
Spellcasting   | 5 |  5.1
Invocations    | 1 |  1.3
Fighting       | 1 |  1.2
Short Blades   | 1 |  1.2
Long Blades    | 1 |  1.2
Axes           | 1 |  1.2
Maces & Flails | 1 |  1.2
Polearms       | 1 |  1.2
Staves         | 1 |  1.2
Ranged Weapons | 1 |  1.2
Throwing       | 1 |  1.2
Armour         | 1 |  1.2
Shields        | 1 |  1.2
Unarmed Combat | 1 |  1.2
Evocations     | 1 |  1.2
Hexes          | 1 |  1.0
Summonings     | 1 |  1.0
Necromancy     | 1 |  1.0
Translocations | 1 |  1.0
Transmutations | 1 |  1.0
Ice Magic      | 1 |  1.0
Air Magic      | 1 |  1.0
Earth Magic    | 1 |  1.0
Poison Magic   | 1 |  1.0
Dodging        | |  4.7
Stealth        | |  4.3
Fire Magic     | |  5.5

Action                     |  1- 3 |  4- 6 || total
---------------------------+-------+-------++-------
  Melee: Dagger            |     8 |     9 ||    17
         Hand axe          |     2 |       ||     2
         Bite              |     1 |     1 ||     2
   Fire: Sling             |     5 |       ||     5
   Cast: Foxfire           |    42 |     9 ||    51
         Scorch            |    13 |    12 ||    25
    Use: Scroll            |     1 |       ||     1
         Potion            |       |     1 ||     1
   Stab: Sleeping          |     3 |       ||     3
 Armour: Robe              |     2 |     2 ||     4
  Dodge: Dodged            |    12 |     8 ||    20
